 Dungeon Crawl Stone Soup version 0.30-a0-567-gf7fd966b4a (webtiles) character file.

Game seed: 4156258800097032704

22 tilp the Shield-Bearer (level 3, -4/31 HPs)
             Began as a Meteoran Fighter on Dec 28, 2022.
             Slain by Sigmund
             ... wielding a +0 scythe
              (8 damage)
             ... on level 3 of the Dungeon.
             The game lasted 00:01:24 (156 turns).

tilp the Shield-Bearer (Meteoran Fighter)            Turns: 156, Time: 00:01:25

Health: -4/31      AC:  7    Str: 17    XL:     3   Next: 23%
Magic:  4/4        EV:  9    Int:  9    God:
Gold:   0          SH:  5    Dex: 16    Spells: 2/2 levels left

rFire   . . .      SeeInvis .    a - +0 long sword
rCold   . . .      Faith    .    c - +0 buckler
rNeg    . . .      Spirit   .    b - +0 scale mail
rPois   .          Reflect  .    (no helmet)
rElec   .          Harm     .    (no cloak)
rCorr   .          Rampage  .    (no gloves)
Will    .....                    (no boots) Stlth
                                 (no amulet)
HPRegen 0.25/turn                (no ring)
MPRegen 0.09/turn                (no ring)

@: mighty, glowing
A: sense surroundings 1, otherworldly, glowing, explore regen
a: no special abilities


You were on level 3 of the Dungeon.
You visited 1 branch of the dungeon, and saw 3 of its levels.

Inventory:

Hand Weapons
 a - a +0 long sword (weapon)
Missiles
 f - 3 boomerangs of dispersal (quivered)
 h - 3 boomerangs
Armour
 b - a +0 scale mail (worn)
 c - a +0 buckler (worn)
Jewellery
 g - a ring of fire
Potions
 e - a potion of degeneration {unknown}


   Skills:
 + Level 3.4 Fighting
 + Level 2.6 Long Blades
 + Level 3.8 Armour
 * Level 1.3 Dodging
 + Level 0.5 Stealth
 + Level 3.8 Shields


You had 2 spell levels left.
You didn't know any spells.
Your spell library was empty.

Dungeon Overview and Level Annotations

Branches:
Dungeon (3/15) Zot: 1629

Altars:

Annotations:
D:3 Sigmund


Innate Abilities, Weirdness & Mutations

You passively map a small area around you.
You are easily found by Zot.
You glow in the dark.
You regain HP and MP as you explore.


Message History

The now-empty wand crumbles to dust.
The grasping roots constrict you. The adder bites you.
* * * LOW HITPOINT WARNING * * *
You hear a shout! x3
You barely miss the adder.
The adder is almost dead.
The adder bites you but does no damage.
Sigmund casts a spell.
Sigmund flickers and vanishes!
Deactivating autopickup; reactivate with Ctrl-A.
You are constricted.
* * * LOW HITPOINT WARNING * * *
Unknown command.
You hit the adder.
You kill the adder!
A magic dart appears from out of thin air!
The magic dart hits you.
* * * LOW HITPOINT WARNING * * *
You are constricted.
* * * LOW HITPOINT WARNING * * *
The grasping roots release their grip on you.
Your Dodging skill increases to level 1!
You have reached level 3!
Your experience leads to an increase in your attributes!
Increase (S)trength, (I)ntelligence, or (D)exterity?
You feel agile. x3
Unknown command.
You slash the endoplasm!
You kill the endoplasm!
You hear some strange, mumbled words.
A puff of flame appears from out of thin air!
The puff of flame hits you.
* * * LOW HITPOINT WARNING * * *
You block something's attack.
Unknown command.
Things that are here:
an adder corpse; a bat corpse You barely miss something.
Something hits you but does no damage.
You barely miss something. Something hits you!
You die...

... * ..# , , **
* ..## * , ..., ,
* ..###.#, *
*.#######......#
* *
*...!....>.@....,
* .......{# * *
*.######@#, , #.#
,,**** #.# , *
#<# , , * * #.# ,
... , , * ##.##
** #.# #.#


There were no monsters in sight!

Vanquished Creatures
  An adder (D:3)
  A worm (D:2)
  A ball python (D:1)
  2 bats
  An endoplasm (D:3)
  A goblin (D:1)
  A kobold (D:1)
  A frilled lizard (D:2)
  2 rats (D:2)
11 creatures vanquished.

Notes
Turn   | Place    | Note
-------+----------+-------------------------------------------
     0 | D:1      | tilp the Meteoran Fighter began the quest for the Orb.
     0 | D:1      | Reached XP level 1. HP: 19/19 MP: 2/2
    33 | D:1      | Reached XP level 2. HP: 25/26 MP: 3/3
   143 | D:3      | Noticed Sigmund
   153 | D:3      | Reached skill level 1 in Dodging
   153 | D:3      | Reached XP level 3. HP: 4/31 MP: 4/4
   156 | D:3      | Slain by Sigmund

Illustrated notes

Levels and vault maps discovered:
D:1:      amcnicky_arrival_feature_with_door, layout_rooms
D:2:      layout_rooms, basic_altar
D:3:      layout_loops_ring, cheibrodos_sewer_entry_bend, uniq_sigmund

Skill      XL: |  1  2 |
---------------+-------+-----
Dodging        | 1 |  1.3
Fighting       | |  3.4
Long Blades    | |  2.6
Armour         | |  3.8
Stealth        | |  0.5
Shields        | |  3.8

Action                   || total
-------------------------++-------
Melee: Long sword        ||    45
Throw: Stone             ||     1
  Use: Potion            ||     1
Armor: Scale mail        ||    35
Dodge: Dodged            ||    21
Block: Buckler           ||    13

Table legend: (Time is in decaauts)
 A = Elapsed time spent in this place.
 B = Non-inter-level travel time spent in this place.
 C = Inter-level travel time spent in this place.
 D = Time resting spent in this place.
 E = Time spent auto-exploring this place.
 F = Levels seen in this place.
 G = Mean time per level.
                   A        B        C        D        E       F      G
               +--------+--------+--------+--------+--------+-----+--------+
         Total |    169 |    169 |      0 |      0 |      0 |   3 |   56.3 |
       Dungeon |    169 |    169 |      0 |      0 |      0 |   3 |   56.3 |
               +--------+--------+--------+--------+--------+-----+--------+

Top non-repeatable levels by time:
     D:2: 100 daAuts
     D:1: 49 daAuts
     D:3: 19 daAuts
